BSA
ST. LOUIS BROWNS @ ST CHARLES SHEENS
08/13/2024
 
TOP OF THE 1ST
St. Louis Browns batting - Pitching for St Charles Sheens : RHP Bob Moss
Pitching: RHP Bob Moss
Batting: LHB Joe Sanders 0-0: Called Strike
0-1: Ball
1-1: Called Strike
1-2: Foul Ball, location: 2F
1-2: Ball
2-2: Foul Ball, location: 2F
2-2: Ball
3-2: SINGLE (Flyball, 7LS)
Batting: LHB Héctor Núñez 0-0: Swinging Strike
0-1: Swinging Strike
0-2: Ball
1-2: Ball
2-2: Ball
3-2: Foul Ball, location: 2F
3-2: SINGLE (Flyball, 7S)
Joe Sanders to second
Joe Sanders to third
Batting: LHB Mike Hill 0-0: Ball
1-0: Ball
2-0: Foul Ball, location: 2F
2-1: Ground out 4-3 (Groundball, 13)
Joe Sanders scores
Héctor Núñez to second
Batting: LHB Mario García 0-0: Ball
1-0: DOUBLE (Groundball, 5L)
Héctor Núñez scores
Batting: LHB Jorge Torres 0-0: Fly out, F8 (Flyball, 8LS)
Batting: LHB Stan Hickman 0-0: Ground out 4-3 (Groundball, 4M)
Top of the 1st over - 2 run(s), 3 hit(s), 0 error(s), 1 left on base; St. Louis 2 - St Charles 0
BOTTOM OF THE 1ST
St Charles Sheens batting - Pitching for St. Louis Browns : RHP Kitahachi Okada
Pitching: RHP Kitahachi Okada
Batting: LHB Marcos Cantú 0-0: Called Strike
0-1: Ground out 1-3 (Groundball, 13)
Batting: RHB Kel Pierce 0-0: Ball
1-0: Fly out, F2 (Popup, 2RF)
Batting: LHB Jeff Carter 0-0: Ball
1-0: Foul Ball, location: 2F
1-1: Ball
2-1: Swinging Strike
2-2: Ground out 4-3 (Groundball, 4)
Bottom of the 1st over - 0 run(s), 0 hit(s), 0 error(s), 0 left on base; St. Louis 2 - St Charles 0
TOP OF THE 2ND
St. Louis Browns batting - Pitching for St Charles Sheens : RHP Bob Moss
Batting: RHB Will Brown 0-0: Called Strike
0-1: Swinging Strike
0-2: Ball
1-2: Strikes out swinging
Batting: LHB Víctor Hernández 0-0: Hit by Pitch
Batting: RHB Mario Rosales 0-0: Ball
Víctor Hernández steals 2nd base
1-0: Called Strike
1-1: Ball
Wild Pitch!
Víctor Hernández to third
2-1: Fly out, F8 (Popup, 6MD)
Batting: LHB Joe Sanders 0-0: Ball
1-0: Ball
2-0: Called Strike
2-1: Foul Ball, location: 2F
2-2: Ball
3-2: Foul Ball, location: 2F
3-2: Fly out, F5 (Popup, 2R)
Top of the 2nd over - 0 run(s), 0 hit(s), 0 error(s), 1 left on base; St. Louis 2 - St Charles 0
BOTTOM OF THE 2ND
St Charles Sheens batting - Pitching for St. Louis Browns : RHP Kitahachi Okada
Batting: LHB Gene Cooper 0-0: Fly out, F8 (Flyball, 8LM)
Batting: RHB Max Rash 0-0: Fly out, F8 (Flyball, 8RM)
Batting: LHB Bob Ware 0-0: Ground out U3 (Groundball, 3S)
Bottom of the 2nd over - 0 run(s), 0 hit(s), 0 error(s), 0 left on base; St. Louis 2 - St Charles 0
TOP OF THE 3RD
St. Louis Browns batting - Pitching for St Charles Sheens : RHP Bob Moss
Batting: LHB Héctor Núñez 0-0: Ball
1-0: Swinging Strike
1-1: Called Strike
1-2: Foul Ball, location: 2F
1-2: Foul Ball, location: 2F
1-2: Ground out 6-3 (Groundball, 6M)
Batting: LHB Mike Hill 0-0: Foul Ball, location: 2F
0-1: Ball
1-1: Ball
2-1: Ball
3-1: Called Strike
3-2: Foul Ball, location: 2F
3-2: DOUBLE (Flyball, 9LM)
Batting: LHB Mario García 0-0: Called Strike
0-1: Called Strike
0-2: Fly out, F6 (Line Drive, 56D)
Batting: LHB Jorge Torres 0-0: Called Strike
0-1: Swinging Strike
0-2: Ball
1-2: Ball
2-2: SINGLE (Line Drive, 4MD)
Mike Hill to third
Batting: LHB Stan Hickman 0-0: Ball
1-0: Swinging Strike
1-1: Swinging Strike
1-2: Ball
2-2: Ground out 1-3 (Groundball, 15)
Top of the 3rd over - 0 run(s), 2 hit(s), 0 error(s), 2 left on base; St. Louis 2 - St Charles 0
BOTTOM OF THE 3RD
St Charles Sheens batting - Pitching for St. Louis Browns : RHP Kitahachi Okada
Batting: RHB Júlio Figueroa 0-0: Foul Ball, location: 2F
0-1: Ball
1-1: Foul Ball, location: 2F
1-2: SINGLE (Line Drive, 78S)
Batting: RHB Alfredo Rivera 0-0: Called Strike
0-1: Called Strike
0-2: Foul Ball, location: 2F
0-2: Foul Ball, location: 2F
0-2: Ball
1-2: Foul Ball, location: 2F
1-2: Grounds into double play, 6-4-3 (Groundball, 56)
Batting: RHB Guo-xiu Choi 0-0: Called Strike
0-1: SINGLE (Flyball, 7LS)
Batting: LHB Marcos Cantú 0-0: Ball
Guo-xiu Choi is caught stealing 2nd base
Bottom of the 3rd over - 0 run(s), 2 hit(s), 0 error(s), 0 left on base; St. Louis 2 - St Charles 0
TOP OF THE 4TH
St. Louis Browns batting - Pitching for St Charles Sheens : RHP Bob Moss
Batting: RHB Will Brown 0-0: Called Strike
0-1: Ball
1-1: Swinging Strike
1-2: Ball
2-2: Strikes out swinging
Batting: LHB Víctor Hernández 0-0: Called Strike
0-1: Called Strike
0-2: DOUBLE (Line Drive, 9LM)
Batting: RHB Mario Rosales 0-0: Called Strike
0-1: Foul Ball, location: 2F
0-2: DOUBLE (Line Drive, 8LXD)
Víctor Hernández scores
Batting: LHB Joe Sanders 0-0: Ball
1-0: Fly out, F9 (Flyball, 9M)
Batting: LHB Héctor Núñez 0-0: Ball
1-0: Called Strike
1-1: Ball
2-1: Ball
3-1: Foul Ball, location: 2F
3-2: Ground out 5-3 (Groundball, 56S)
Top of the 4th over - 1 run(s), 2 hit(s), 0 error(s), 1 left on base; St. Louis 3 - St Charles 0
BOTTOM OF THE 4TH
St Charles Sheens batting - Pitching for St. Louis Browns : RHP Kitahachi Okada
Batting: LHB Marcos Cantú 0-0: Ball
1-0: Foul Ball, location: 2F
1-1: Swinging Strike
1-2: Ball
2-2: Fly out, F9 (Flyball, 9M)
Batting: RHB Kel Pierce 0-0: Ground out 4-3 (Groundball, 4)
Batting: LHB Jeff Carter 0-0: SINGLE (Groundball, 4MD)
Batting: LHB Gene Cooper 0-0: Swinging Strike
0-1: Called Strike
0-2: Foul Ball, location: 2F
0-2: Ground out U3 (Groundball, 3L)
Bottom of the 4th over - 0 run(s), 1 hit(s), 0 error(s), 1 left on base; St. Louis 3 - St Charles 0
TOP OF THE 5TH
St. Louis Browns batting - Pitching for St Charles Sheens : RHP Bob Moss
Batting: LHB Mike Hill 0-0: Ball
1-0: Ball
2-0: Ball
3-0: Base on Balls
Batting: LHB Mario García 0-0: Called Strike
0-1: Swinging Strike
0-2: Ball
1-2: Foul Ball, location: 2F
1-2: Foul Ball, location: 2F
1-2: Ball
2-2: Foul Ball, location: 2F
2-2: Ball
3-2: Foul Ball, location: 2F
Balk!
Mike Hill to second
3-2: Foul Ball, location: 2F
3-2: DOUBLE (Flyball, 8LXD)
Mike Hill scores
Pitching: LHP Rubén Martínez
Batting: LHB Jorge Torres 0-0: SINGLE (Groundball, 34)
Mario García to third
Batting: LHB Stan Hickman 0-0: Swinging Strike
0-1: Foul Ball, location: 2F
0-2: Ball
1-2: Ball
2-2: Strikes out swinging
Batting: RHB Will Brown 0-0: Called Strike
0-1: Ball
1-1: Fielders Choice at 2nd, 1-6 (Groundball, 23)
Batting: LHB Víctor Hernández 0-0: Called Strike
0-1: Foul Ball, location: 2F
0-2: Foul Ball, location: 2F
0-2: Foul Ball, location: 2F
0-2: Strikes out swinging
Top of the 5th over - 1 run(s), 2 hit(s), 0 error(s), 2 left on base; St. Louis 4 - St Charles 0
BOTTOM OF THE 5TH
St Charles Sheens batting - Pitching for St. Louis Browns : RHP Kitahachi Okada
Batting: RHB Max Rash 0-0: Ball
1-0: Ball
2-0: Foul Ball, location: 2F
2-1: Called Strike
2-2: Fly out, F9 (Flyball, 9M)
Batting: LHB Bob Ware 0-0: Foul Ball, location: 2F
0-1: Ground out U3 (Groundball, 3)
Batting: RHB Júlio Figueroa 0-0: Called Strike
0-1: Ground out 6-3 (Groundball, 6)
Bottom of the 5th over - 0 run(s), 0 hit(s), 0 error(s), 0 left on base; St. Louis 4 - St Charles 0
TOP OF THE 6TH
St. Louis Browns batting - Pitching for St Charles Sheens : LHP Rubén Martínez
Batting: RHB Mario Rosales 0-0: Called Strike
0-1: Foul Ball, location: 2F
0-2: Foul Ball, location: 2F
0-2: Ball
1-2: Ground out 5-3 (Groundball, 5S)
Batting: LHB Joe Sanders 0-0: Ball
1-0: Ball
2-0: Ball
3-0: Called Strike
3-1: Called Strike
3-2: SINGLE (Line Drive, 89S)
Batting: LHB Héctor Núñez 0-0: Ball
1-0: Foul Ball, location: 2F
1-1: Foul Ball, location: 2F
1-2: Foul Ball, location: 2F
1-2: Foul Ball, location: 2F
1-2: SINGLE (Groundball, 56D)
Joe Sanders to second
Pitching: LHP Shan Liu
Batting: LHB Mike Hill 0-0: Ball
1-0: Swinging Strike
1-1: Swinging Strike
1-2: Ball
2-2: Strikes out swinging
Batting: LHB Mario García 0-0: Called Strike
0-1: Ball
1-1: Swinging Strike
1-2: Ball
2-2: Ball
3-2: Foul Ball, location: 2F
3-2: Fly out, F5 (Popup, 5)
Top of the 6th over - 0 run(s), 2 hit(s), 0 error(s), 2 left on base; St. Louis 4 - St Charles 0
BOTTOM OF THE 6TH
St Charles Sheens batting - Pitching for St. Louis Browns : RHP Kitahachi Okada
Batting: RHB Alfredo Rivera 0-0: Called Strike
0-1: Ball
1-1: Called Strike
1-2: Foul Ball, location: 2F
1-2: Ball
2-2: Foul Ball, location: 2F
2-2: Ball
3-2: Strikes out looking
Batting: RHB Guo-xiu Choi 0-0: Ball
1-0: Ground out 6-3 (Groundball, 6M)
Batting: LHB Marcos Cantú 0-0: Ball
1-0: Called Strike
1-1: Ground out 3-1 (Groundball, 34)
Bottom of the 6th over - 0 run(s), 0 hit(s), 0 error(s), 0 left on base; St. Louis 4 - St Charles 0
TOP OF THE 7TH
St. Louis Browns batting - Pitching for St Charles Sheens : LHP Shan Liu
Batting: LHB Jorge Torres 0-0: Ball
1-0: Called Strike
1-1: Ground out 3-1 (Groundball, 3)
Batting: LHB Stan Hickman 0-0: Ball
1-0: Called Strike
1-1: Swinging Strike
1-2: Ball
2-2: Ball
3-2: Ground out U3 (Groundball, 3)
Batting: RHB Will Brown 0-0: Ground out 5-3 (Groundball, 5)
Top of the 7th over - 0 run(s), 0 hit(s), 0 error(s), 0 left on base; St. Louis 4 - St Charles 0
BOTTOM OF THE 7TH
St Charles Sheens batting - Pitching for St. Louis Browns : RHP Kitahachi Okada
Batting: RHB Kel Pierce 0-0: Ball
1-0: Called Strike
1-1: Called Strike
1-2: SINGLE (Line Drive, 7S)
Pitching: RHP Ramón Silva
Batting: LHB Jeff Carter 0-0: Ball
1-0: Foul Ball, location: 2F
1-1: Grounds into double play, 4-6-3 (Groundball, 4)
Batting: LHB Gene Cooper 0-0: Ball
1-0: Ball
2-0: Called Strike
2-1: Foul Ball, location: 2F
2-2: Foul Ball, location: 2F
2-2: Ball
3-2: Strikes out looking
Bottom of the 7th over - 0 run(s), 1 hit(s), 0 error(s), 0 left on base; St. Louis 4 - St Charles 0
TOP OF THE 8TH
St. Louis Browns batting - Pitching for St Charles Sheens : LHP Shan Liu
Batting: LHB Víctor Hernández 0-0: Foul Ball, location: 2F
0-1: Ball
1-1: SOLO HOME RUN (Flyball, 8RXD), Distance : 457 ft
Pitching: LHP Francisco Moreno
Batting: RHB Mario Rosales 0-0: Called Strike
0-1: Ball
1-1: Foul Ball, location: 2F
1-2: Ball
2-2: SINGLE (Groundball, 5D)
Batting: LHB Joe Sanders 0-0: Called Strike
0-1: Ball
1-1: Bunt missed!
1-2: Foul Ball, location: 2F
1-2: Ball
2-2: Ball
3-2: Strikes out swinging
Batting: LHB Héctor Núñez 0-0: Grounds into double play, 6-4-3 (Groundball, 6)
Top of the 8th over - 1 run(s), 2 hit(s), 0 error(s), 0 left on base; St. Louis 5 - St Charles 0
BOTTOM OF THE 8TH
St Charles Sheens batting - Pitching for St. Louis Browns : RHP Ramón Silva
Batting: RHB Max Rash 0-0: Ground out 4-3 (Groundball, 4)
Batting: LHB Bob Ware 0-0: Ball
1-0: Ball
2-0: Ground out 6-3 (Groundball, 6)
Batting: RHB Júlio Figueroa 0-0: Fly out, F6 (Line Drive, 6M)
Bottom of the 8th over - 0 run(s), 0 hit(s), 0 error(s), 0 left on base; St. Louis 5 - St Charles 0
TOP OF THE 9TH
St. Louis Browns batting - Pitching for St Charles Sheens : LHP Francisco Moreno
Batting: LHB Mike Hill 0-0: Ball
1-0: Called Strike
1-1: Ball
2-1: Ball
3-1: Base on Balls
Batting: LHB Mario García 0-0: Called Strike
0-1: Ball
1-1: Ball
2-1: Swinging Strike
2-2: Ball
3-2: Foul Ball, location: 2F
3-2: Fielders Choice at 2nd, 4-6 (Groundball, 4)
Batting: LHB Jorge Torres 0-0: Grounds into double play, 6-4-3 (Groundball, 6M)
Top of the 9th over - 0 run(s), 0 hit(s), 0 error(s), 0 left on base; St. Louis 5 - St Charles 0
BOTTOM OF THE 9TH
St Charles Sheens batting - Pitching for St. Louis Browns : RHP Ramón Silva
Batting: RHB Alfredo Rivera 0-0: Foul Ball, location: 2F
0-1: Ball
1-1: Foul Ball, location: 2F
1-2: Ball
2-2: Strikes out looking
Batting: RHB Guo-xiu Choi 0-0: Ball
1-0: Ball
2-0: Ball
3-0: Base on Balls
Batting: LHB Marcos Cantú 0-0: Swinging Strike
0-1: Swinging Strike
0-2: Ball
1-2: Strikes out swinging
Batting: RHB Kel Pierce 0-0: Fielders Choice at 2nd, U6 (Groundball, 6M)
Bottom of the 9th over - 0 run(s), 0 hit(s), 0 error(s), 1 left on base; St. Louis 5 - St Charles 0
This league is powered by Out of the Park Baseball, the baseball management simulation game for PC, Mac and Linux
Saturday, April 9th, 2016 - OOTP Baseball 16.8 Build 38